MID
BOWLING GREEN HOT RODS @ CLINTON LUMBERKINGS
09/21/2044
 
TOP OF THE 1ST
Bowling Green Hot Rods batting - Pitching for Clinton LumberKings : RHP Trevor Jacobsen
Pitching: RHP Trevor Jacobsen
Batting: RHB Jonathan Fraire 0-0: Ball
1-0: Ball
2-0: Ball
3-0: Called Strike
3-1: Reached on error, E6 (Groundball, 6, EV 78.1 MPH)
Batting: LHB Jake Rheaume 0-0: Ball
1-0: Swinging Strike
1-1: Ball
2-1: DOUBLE (Line Drive, 7LM, EV 107.5 MPH)
Jonathan Fraire to third
Batting: RHB Adam Kaeser 0-0: Called Strike
0-1: Swinging Strike
0-2: Foul Ball, location: 2F
0-2: Strikes out swinging
Batting: LHB Mario Ocana 0-0: Fly out, F7 (Flyball, 7, EV 88.1 MPH)
Runner from 3rd tags up, SCORES, throw by LF
Batting: RHB Paul Landes 0-0: Ball
1-0: Swinging Strike
1-1: Swinging Strike
1-2: Strikes out swinging
Top of the 1st over - 1 run, 1 hit, 1 error, 1 left on base; Bowling Green 1 - Clinton 0
BOTTOM OF THE 1ST
Clinton LumberKings batting - Pitching for Bowling Green Hot Rods : RHP Eric Smith
Pitching: RHP Eric Smith
Batting: RHB Rick Ellis 0-0: Called Strike
0-1: SOLO HOME RUN (Flyball, 9LD, EV 94.4 MPH), Distance : 358 ft
Batting: SHB Jose Castillo 0-0: Swinging Strike
0-1: Ball
1-1: Called Strike
1-2: Ball
2-2: Strikes out swinging
Batting: LHB Jason Hopkins 0-0: Called Strike
0-1: Swinging Strike
0-2: Strikes out swinging
Batting: RHB Josh Ruhl 0-0: Called Strike
0-1: Ground out U3 (Groundball, 3L, EV 83.8 MPH)
Bottom of the 1st over - 1 run, 1 hit, 0 errors, 0 left on base; Bowling Green 1 - Clinton 1
TOP OF THE 2ND
Bowling Green Hot Rods batting - Pitching for Clinton LumberKings : RHP Trevor Jacobsen
Batting: SHB Julio Hernandez 0-0: Fly out, F8 (Flyball, 8RM, EV 91.9 MPH)
Batting: RHB Azedine Kirui 0-0: Ball
1-0: Swinging Strike
1-1: Swinging Strike
1-2: Ball
2-2: Strikes out swinging
Batting: RHB Dermott Kennelly 0-0: Ground out 3-1 (Groundball, 34S, EV 82.5 MPH)
Top of the 2nd over - 0 runs, 0 hits, 0 errors, 0 left on base; Bowling Green 1 - Clinton 1
BOTTOM OF THE 2ND
Clinton LumberKings batting - Pitching for Bowling Green Hot Rods : RHP Eric Smith
Batting: RHB Justin Colella 0-0: Called Strike
0-1: Ball
1-1: Called Strike
1-2: Strikes out swinging
Batting: SHB Detlef Oursler 0-0: Called Strike
0-1: Foul Ball, location: 2F
0-2: Ground out 4-3 (Groundball, 34D, EV 98.8 MPH)
Batting: LHB Ryan Rothenbach 0-0: Ball
1-0: Swinging Strike
1-1: Ground out 5-3 (Groundball, 56, EV 81.3 MPH)
Bottom of the 2nd over - 0 runs, 0 hits, 0 errors, 0 left on base; Bowling Green 1 - Clinton 1
TOP OF THE 3RD
Bowling Green Hot Rods batting - Pitching for Clinton LumberKings : RHP Trevor Jacobsen
Batting: RHB Eric Waugaman 0-0: Ball
1-0: Called Strike
1-1: Called Strike
1-2: Strikes out looking
Batting: RHB Jonathan Fraire 0-0: Ball
1-0: Foul Ball, location: 2F
1-1: Ball
2-1: Foul Ball, location: 2F
2-2: SINGLE (Groundball, 23, EV 68.8 MPH) (infield hit)
Batting: LHB Jake Rheaume 0-0: Ball
1-0: Ball
2-0: Ball
3-0: Called Strike
3-1: Called Strike
3-2: Foul Ball, location: 2F
3-2: Strikes out swinging
Jonathan Fraire steals 2nd base
Batter strikes out.
Batting: RHB Adam Kaeser 0-0: Foul Ball, location: 2F
0-1: Ball
1-1: Ground out 6-3 (Groundball, 6, EV 79.4 MPH)
Top of the 3rd over - 0 runs, 1 hit, 0 errors, 1 left on base; Bowling Green 1 - Clinton 1
BOTTOM OF THE 3RD
Clinton LumberKings batting - Pitching for Bowling Green Hot Rods : RHP Eric Smith
Batting: RHB Emmanuel Thomas 0-0: Ball
1-0: Ball
2-0: Fly out, F7 (Line Drive, 7, EV 84.4 MPH)
Batting: SHB Victor Rijos 0-0: DOUBLE (Line Drive, 7LM, EV 99.4 MPH)
Batting: RHB Rick Ellis 0-0: Ball
1-0: Ground out 6-3 (Groundball, 56, EV 86.3 MPH)
Batting: SHB Jose Castillo 0-0: Ball
1-0: Foul Ball, location: 2F
1-1: Fly out, F9 (Flyball, 9LS, EV 88.1 MPH)
Bottom of the 3rd over - 0 runs, 1 hit, 0 errors, 1 left on base; Bowling Green 1 - Clinton 1
TOP OF THE 4TH
Bowling Green Hot Rods batting - Pitching for Clinton LumberKings : RHP Trevor Jacobsen
Batting: LHB Mario Ocana 0-0: Ball
1-0: Called Strike
1-1: Swinging Strike
1-2: Ground out 4-3 (Groundball, 4, EV 85.0 MPH)
Batting: RHB Paul Landes 0-0: Ball
1-0: Ball
2-0: Foul Ball, location: 2F
2-1: Swinging Strike
2-2: Strikes out looking
Batting: SHB Julio Hernandez 0-0: Called Strike
0-1: Ball
1-1: Swinging Strike
1-2: Strikes out looking
Top of the 4th over - 0 runs, 0 hits, 0 errors, 0 left on base; Bowling Green 1 - Clinton 1
BOTTOM OF THE 4TH
Clinton LumberKings batting - Pitching for Bowling Green Hot Rods : RHP Eric Smith
Batting: LHB Jason Hopkins 0-0: Swinging Strike
0-1: Ball
1-1: Swinging Strike
1-2: Strikes out swinging
Batting: RHB Josh Ruhl 0-0: Called Strike
0-1: Foul Ball, location: 2F
0-2: Strikes out swinging
Batting: RHB Justin Colella 0-0: Ball
1-0: Called Strike
1-1: Ball
2-1: Ball
3-1: Swinging Strike
3-2: Base on Balls
Batting: SHB Detlef Oursler 0-0: Foul Ball, location: 2F
0-1: Ball
1-1: Ball
2-1: Fielders Choice at 2nd, 6-4 (Groundball, 4M, EV 103.8 MPH)
Bottom of the 4th over - 0 runs, 0 hits, 0 errors, 1 left on base; Bowling Green 1 - Clinton 1
TOP OF THE 5TH
Bowling Green Hot Rods batting - Pitching for Clinton LumberKings : RHP Trevor Jacobsen
Batting: RHB Azedine Kirui 0-0: Swinging Strike
0-1: Ball
1-1: Ball
2-1: Ball
3-1: Called Strike
3-2: Ground out U3 (Groundball, 34S, EV 85.6 MPH)
Batting: RHB Dermott Kennelly 0-0: Ball
1-0: SINGLE (Groundball, 56, EV 81.3 MPH) (infield hit)
Batting: RHB Eric Waugaman 0-0: Called Strike
0-1: Ball
1-1: Foul Ball, location: 2F
1-2: Ball
2-2: Fly out, F8 (Line Drive, 8RD, EV 88.1 MPH)
Batting: RHB Jonathan Fraire 0-0: Ball
Dermott Kennelly steals 2nd base
1-0: Ball
2-0: Called Strike
2-1: Ball
3-1: Ground out 4-3 (Groundball, 4, EV 90.6 MPH)
Top of the 5th over - 0 runs, 1 hit, 0 errors, 1 left on base; Bowling Green 1 - Clinton 1
BOTTOM OF THE 5TH
Clinton LumberKings batting - Pitching for Bowling Green Hot Rods : RHP Eric Smith
Batting: LHB Ryan Rothenbach 0-0: Called Strike
0-1: Swinging Strike
0-2: Ground out 6-3 (Groundball, 6, EV 85.0 MPH)
Batting: RHB Emmanuel Thomas 0-0: Called Strike
0-1: Ball
1-1: Ball
2-1: Ground out 4-3 (Groundball, 4, EV 83.8 MPH)
Batting: SHB Victor Rijos 0-0: Ball
1-0: Called Strike
1-1: Foul Ball, location: 2F
1-2: Foul Ball, location: 2F
1-2: Ball
2-2: Foul Ball, location: 2F
2-2: Ball
3-2: Base on Balls
Batting: RHB Rick Ellis 0-0: Ball
1-0: Called Strike
1-1: Ball
2-1: Ball
3-1: Foul Ball, location: 2F
3-2: Ground out 6-3 (Groundball, 6, EV 83.1 MPH)
Bottom of the 5th over - 0 runs, 0 hits, 0 errors, 1 left on base; Bowling Green 1 - Clinton 1
TOP OF THE 6TH
Bowling Green Hot Rods batting - Pitching for Clinton LumberKings : RHP Trevor Jacobsen
Batting: LHB Jake Rheaume 0-0: Foul Ball, location: 2F
0-1: Foul Ball, location: 2F
0-2: Strikes out swinging
Batting: RHB Adam Kaeser 0-0: Foul Ball, location: 2F
0-1: Ball
1-1: Ground out 5-3 (Groundball, 56, EV 78.1 MPH)
Batting: LHB Mario Ocana 0-0: Fly out, F5 (Popup, 25F, EV 83.1 MPH)
Top of the 6th over - 0 runs, 0 hits, 0 errors, 0 left on base; Bowling Green 1 - Clinton 1
BOTTOM OF THE 6TH
Clinton LumberKings batting - Pitching for Bowling Green Hot Rods : RHP Eric Smith
Batting: SHB Jose Castillo 0-0: Fly out, F9 (Flyball, 9LM, EV 84.4 MPH)
Batting: LHB Jason Hopkins 0-0: Ball
1-0: Foul Ball, location: 2F
1-1: Ball
2-1: Ball
3-1: Foul Ball, location: 2F
3-2: Foul Ball, location: 2F
3-2: Foul Ball, location: 2F
3-2: Strikes out swinging
Batting: RHB Josh Ruhl 0-0: Swinging Strike
0-1: Ball
1-1: Swinging Strike
1-2: Ball
2-2: Foul Ball, location: 2F
2-2: Strikes out swinging, 2-3 out at first.
Bottom of the 6th over - 0 runs, 0 hits, 0 errors, 0 left on base; Bowling Green 1 - Clinton 1
TOP OF THE 7TH
Bowling Green Hot Rods batting - Pitching for Clinton LumberKings : RHP Trevor Jacobsen
Pitching: LHP Rentaro Minami
Batting: RHB Paul Landes 0-0: Called Strike
0-1: Swinging Strike
0-2: Ball
1-2: Strikes out swinging
Batting: SHB Julio Hernandez 0-0: Ball
1-0: Called Strike
1-1: Foul Ball, location: 2F
1-2: Strikes out looking
Batting: RHB Azedine Kirui 0-0: Called Strike
0-1: Ground out 4-3 (Groundball, 4MS, EV 83.8 MPH)
Top of the 7th over - 0 runs, 0 hits, 0 errors, 0 left on base; Bowling Green 1 - Clinton 1
BOTTOM OF THE 7TH
Clinton LumberKings batting - Pitching for Bowling Green Hot Rods : RHP Eric Smith
Pitching: RHP Jeremy Price
Batting: RHB Justin Colella 0-0: Ball
1-0: Called Strike
1-1: DOUBLE (Line Drive, 9LM, EV 108.1 MPH)
Batting: SHB Detlef Oursler 0-0: Called Strike
0-1: Bunt missed!
0-2: Fly out, F7 (Line Drive, 7, EV 95.6 MPH)
Batting: LHB Ryan Rothenbach 0-0: Ground out 4-3 (Groundball, 4, EV 100.0 MPH)
Justin Colella to third
Pinch Hitting: LHB William Warren 0-0: Ball
1-0: Called Strike
1-1: Ground out 5-3 (Groundball, 56, EV 106.3 MPH)
Bottom of the 7th over - 0 runs, 1 hit, 0 errors, 1 left on base; Bowling Green 1 - Clinton 1
TOP OF THE 8TH
Bowling Green Hot Rods batting - Pitching for Clinton LumberKings : LHP Rentaro Minami
Pitching: LHP Justin Neikirk
Now at 3B: Rick Ellis
Now at SS: Victor Rijos
Now in LF: William Warren
Batting: RHB Dermott Kennelly 0-0: Reached on error, E5 (Groundball, 56, EV 85.0 MPH)
Batting: RHB Eric Waugaman 0-0: Sac Bunt to 15 - play at first, batter OUT! 1-4
Dermott Kennelly to second
Batting: RHB Jonathan Fraire 0-0: Intentional Walk
Batting: LHB Jake Rheaume 0-0: Called Strike
0-1: Called Strike
0-2: Ball
1-2: Strikes out looking
Batting: RHB Adam Kaeser 0-0: Fielders Choice at 2nd, 6-4 (Groundball, 6, EV 81.9 MPH)
Top of the 8th over - 0 runs, 0 hits, 1 error, 2 left on base; Bowling Green 1 - Clinton 1
BOTTOM OF THE 8TH
Clinton LumberKings batting - Pitching for Bowling Green Hot Rods : RHP Jeremy Price
Pinch Hitting: LHB Justin Long 0-0: Called Strike
0-1: Ball
1-1: Ball
2-1: Ball
3-1: Base on Balls
Batting: RHB Rick Ellis 0-0: Bunt missed!
0-1: Ball
1-1: Sac Bunt to 15S - play at second, runner OUT! 1-6
Batting: SHB Jose Castillo 0-0: Fielders Choice at 2nd, 1-4 (Groundball, 15S, EV 61.3 MPH)
Batting: LHB Jason Hopkins 0-0: Ball
1-0: Ball
2-0: Ball
3-0: Base on Balls
Jose Castillo to second
Batting: RHB Josh Ruhl 0-0: Fly out, F8 (Flyball, 78XD, EV 105.0 MPH)
Bottom of the 8th over - 0 runs, 0 hits, 0 errors, 2 left on base; Bowling Green 1 - Clinton 1
TOP OF THE 9TH
Bowling Green Hot Rods batting - Pitching for Clinton LumberKings : LHP Justin Neikirk
Pitching: RHP David Lane
Now at SS: Brian Butler
Batting: LHB Mario Ocana 0-0: Ball
1-0: Foul Ball, location: 2F
1-1: Foul Ball, location: 2F
1-2: Fly out, F4 (Popup, 13S, EV 82.5 MPH)
Batting: RHB Paul Landes 0-0: Called Strike
0-1: Foul Ball, location: 2F
0-2: Foul Ball, location: 2F
0-2: Ball
1-2: Strikes out looking
Batting: SHB Julio Hernandez 0-0: Fly out, F7 (Flyball, 78S, EV 88.8 MPH)
Top of the 9th over - 0 runs, 0 hits, 0 errors, 0 left on base; Bowling Green 1 - Clinton 1
BOTTOM OF THE 9TH
Clinton LumberKings batting - Pitching for Bowling Green Hot Rods : RHP Jeremy Price
Pitching: RHP Al Speer
Batting: RHB Justin Colella 0-0: Called Strike
0-1: Ball
1-1: Called Strike
1-2: Ball
2-2: Foul Ball, location: 2F
2-2: Strikes out swinging
Batting: SHB Detlef Oursler 0-0: SINGLE (Groundball, 34S, EV 70.6 MPH) (infield hit)
Batting: LHB Ryan Rothenbach 0-0: Ball
Detlef Oursler steals 2nd base (no throw)
1-0: Ball
2-0: Called Strike
2-1: Ground out 5-3 (Groundball, 6, EV 96.9 MPH)
Batting: LHB William Warren 0-0: Intentional Walk
Batting: LHB Brian Butler 0-0: Ball
1-0: Fielders Choice at 2nd, 6-4 (Groundball, 6, EV 83.1 MPH)
Bottom of the 9th over - 0 runs, 1 hit, 0 errors, 2 left on base; Bowling Green 1 - Clinton 1
TOP OF THE 10TH
Bowling Green Hot Rods batting - Pitching for Clinton LumberKings : RHP David Lane
Batting: RHB Azedine Kirui 0-0: Ball
1-0: Foul Ball, location: 2F
1-1: Ball
2-1: Ground out 1-3 (Groundball, 13, EV 64.4 MPH)
Batting: RHB Dermott Kennelly 0-0: Ball
1-0: Ground out 6-3 (Groundball, 6M, EV 89.4 MPH)
Pinch Hitting: LHB Isaac Bamberg 0-0: Called Strike
0-1: Ball
1-1: Ground out 6-3 (Groundball, 6, EV 99.4 MPH)
Top of the 10th over - 0 runs, 0 hits, 0 errors, 0 left on base; Bowling Green 1 - Clinton 1
BOTTOM OF THE 10TH
Clinton LumberKings batting - Pitching for Bowling Green Hot Rods : RHP Al Speer
Now at SS: Evan Chalarian
Batting: RHB Rick Ellis 0-0: Ball
1-0: Ball
2-0: Called Strike
2-1: Foul Ball, location: 2F
2-2: Strikes out swinging
Batting: SHB Jose Castillo 0-0: DOUBLE (Flyball, 8RXD, EV 89.4 MPH)
Batting: LHB Jason Hopkins 0-0: Ball
1-0: Foul Ball, location: 2F
1-1: Foul Ball, location: 2F
1-2: Foul Ball, location: 2F
1-2: Ball
2-2: Foul Ball, location: 2F
2-2: Ball
3-2: Base on Balls
Batting: RHB Josh Ruhl 0-0: Called Strike
0-1: Called Strike
0-2: Ball
1-2: Strikes out swinging
Pitching: RHP Alec Bassett
Batting: RHB Justin Colella 0-0: Called Strike
0-1: Ball
1-1: Ball
2-1: Swinging Strike
2-2: Ball
3-2: Strikes out swinging
Bottom of the 10th over - 0 runs, 1 hit, 0 errors, 2 left on base; Bowling Green 1 - Clinton 1
TOP OF THE 11TH
Bowling Green Hot Rods batting - Pitching for Clinton LumberKings : RHP David Lane
Batting: RHB Jonathan Fraire 0-0: Ball
1-0: Ball
2-0: Ball
3-0: DOUBLE (Line Drive, 9LS, EV 92.5 MPH)
Batting: LHB Jake Rheaume 0-0: Intentional Walk
Batting: RHB Adam Kaeser 0-0: Swinging Strike
0-1: Called Strike
0-2: Ball
1-2: Ball
2-2: Ball
3-2: Strikes out swinging
Jonathan Fraire steals 3rd base
Batter strikes out.
Jake Rheaume to second
Batting: LHB Mario Ocana 0-0: Intentional Walk
Pitching: RHP Pat Warne
Batting: RHB Paul Landes 0-0: Ball
1-0: Foul Ball, location: 2F
1-1: Grounds into fielders choice 6-2 (Groundball, 6, EV 81.9 MPH)
Jake Rheaume to third
Mario Ocana to second
Batting: SHB Julio Hernandez 0-0: Ball
1-0: Fielders Choice at 2nd, U4 (Groundball, 4M, EV 85.6 MPH)
Top of the 11th over - 0 runs, 1 hit, 0 errors, 3 left on base; Bowling Green 1 - Clinton 1
BOTTOM OF THE 11TH
Clinton LumberKings batting - Pitching for Bowling Green Hot Rods : RHP Alec Bassett
Batting: SHB Detlef Oursler 0-0: Ball
1-0: Called Strike
1-1: Ball
2-1: Swinging Strike
2-2: Strikes out swinging
Batting: LHB Ryan Rothenbach 0-0: Ball
1-0: Swinging Strike
1-1: Foul Ball, location: 2F
1-2: Strikes out swinging
Batting: LHB William Warren 0-0: Ball
1-0: Foul Ball, location: 2F
1-1: Called Strike
1-2: Ball
2-2: Foul Ball, location: 2F
2-2: Foul Ball, location: 2F
2-2: Foul Ball, location: 2F
2-2: Foul Ball, location: 2F
2-2: Foul Ball, location: 2F
2-2: SINGLE (Groundball, 25, EV 75.0 MPH) (infield hit)
Batting: LHB Brian Butler 0-0: Ground out 4-3 (Groundball, 34, EV 83.8 MPH)
Bottom of the 11th over - 0 runs, 1 hit, 0 errors, 1 left on base; Bowling Green 1 - Clinton 1
TOP OF THE 12TH
Bowling Green Hot Rods batting - Pitching for Clinton LumberKings : RHP Pat Warne
Batting: RHB Azedine Kirui 0-0: Ball
1-0: Fly out, F8 (Flyball, 8RS, EV 81.9 MPH)
Batting: RHB Dermott Kennelly 0-0: Ball
1-0: Ball
2-0: Fly out, F9 (Flyball, 9S, EV 90.0 MPH)
Batting: RHB Evan Chalarian 0-0: Foul Ball, location: 2F
0-1: Hit by Pitch
Batting: RHB Jonathan Fraire 0-0: Called Strike
0-1: Ball
1-1: Called Strike
1-2: Ground out 6-3 (Groundball, 4MS, EV 70.0 MPH)
Top of the 12th over - 0 runs, 0 hits, 0 errors, 1 left on base; Bowling Green 1 - Clinton 1
BOTTOM OF THE 12TH
Clinton LumberKings batting - Pitching for Bowling Green Hot Rods : RHP Alec Bassett
Batting: RHB Rick Ellis 0-0: Called Strike
0-1: Ball
1-1: Foul Ball, location: 2F
1-2: Foul Ball, location: 2F
1-2: Ball
2-2: Ball
3-2: Fly out, F8 (Flyball, 89S, EV 85.6 MPH)
Batting: SHB Jose Castillo 0-0: Called Strike
0-1: Foul Ball, location: 2F
0-2: Ground out 4-3 (Groundball, 4, EV 81.9 MPH)
Batting: LHB Jason Hopkins 0-0: Ball
1-0: Ball
2-0: Ground out 4-3 (Groundball, 4, EV 83.8 MPH)
Bottom of the 12th over - 0 runs, 0 hits, 0 errors, 0 left on base; Bowling Green 1 - Clinton 1
TOP OF THE 13TH
Bowling Green Hot Rods batting - Pitching for Clinton LumberKings : RHP Pat Warne
Batting: LHB Jake Rheaume 0-0: Ball
1-0: Foul Ball, location: 2F
1-1: Foul Ball, location: 2F
1-2: Ball
2-2: Ball
3-2: Ground out 4-3 (Groundball, 4S, EV 68.1 MPH)
Batting: RHB Adam Kaeser 0-0: Ball
1-0: Called Strike
1-1: Swinging Strike
1-2: Ball
2-2: Strikes out swinging
Batting: LHB Mario Ocana 0-0: SINGLE (Groundball, 6S, EV 63.1 MPH) (infield hit)
Batting: RHB Paul Landes 0-0: Ball
1-0: Reached on error, E2 (Groundball, 2R, EV 68.8 MPH)
Mario Ocana to third
Batting: SHB Julio Hernandez 0-0: Foul Ball, location: 2F
0-1: Ball
1-1: Ball
2-1: Called Strike
2-2: SINGLE (Groundball, 6S, EV 69.4 MPH) (infield hit)
Mario Ocana scores
Paul Landes to third
Batting: RHB Azedine Kirui 0-0: SINGLE (Line Drive, 78S, EV 95.0 MPH)
Paul Landes scores
Julio Hernandez to second
Pitching: RHP Yic Chen
Batting: RHB Dermott Kennelly 0-0: Called Strike
0-1: Ball
1-1: Ball
2-1: Swinging Strike
2-2: Strikes out swinging
Top of the 13th over - 2 runs, 3 hits, 1 error, 2 left on base; Bowling Green 3 - Clinton 1
BOTTOM OF THE 13TH
Clinton LumberKings batting - Pitching for Bowling Green Hot Rods : RHP Alec Bassett
Batting: RHB Josh Ruhl 0-0: Ball
1-0: Foul Ball, location: 2F
1-1: Ball
2-1: Ground out 6-3 (Groundball, 6M, EV 84.4 MPH)
Pitching: LHP Bennett Mele
Batting: RHB Justin Colella 0-0: Ball
1-0: Foul Ball, location: 2F
1-1: Foul Ball, location: 2F
1-2: SOLO HOME RUN (Flyball, 78XD, EV 113.8 MPH), Distance : 430 ft
Batting: SHB Detlef Oursler 0-0: Called Strike
0-1: Foul Ball, location: 2F
0-2: Foul Ball, location: 2F
0-2: Foul Ball, location: 2F
0-2: Foul Ball, location: 2F
0-2: Ball
1-2: Ball
2-2: Ground out 6-3 (Groundball, 56S, EV 81.9 MPH)
Pinch Hitting: RHB Josh O'Neal 0-0: Ball
1-0: Ball
2-0: Ball
3-0: Base on Balls
Batting: LHB William Warren 0-0: Ball
1-0: Ball
2-0: Called Strike
2-1: Swinging Strike
2-2: Ball
3-2: Foul Ball, location: 2F
3-2: Strikes out swinging
Bottom of the 13th over - 1 run, 1 hit, 0 errors, 1 left on base; Bowling Green 3 - Clinton 2
Thursday, March 31st , 2022 - OOTP Baseball 22.12 Build 89